 Dungeon Crawl Stone Soup version 0.25-a0-365-g7600c65 (webtiles) character file.

Game seed: 3461989748879652257, levelgen mode: deterministic

15307 Birdy the Unseen (level 12, -14/57 HPs)
             Began as a Vine Stalker Assassin on Jan 5, 2020.
             Was a Priest of Wu Jian.
             Shot with a bolt by an orc knight (21 damage)
             ... on level 2 of the Orcish Mines.
             The game lasted 00:30:08 (9077 turns).

Birdy the Unseen (Vine Stalker Assassin)            Turns: 9077, Time: 00:30:08

Health: -14/57     AC: 10    Str: 20    XL:     12   Next: 25%
Magic:  0/43       EV: 16    Int: 11    God:    Wu Jian [***...]
Gold:   819        SH:  0    Dex: 21    Spells: 27/27 levels left

rFire    . . .     SeeInvis .   h - +4 dagger (speed)
rCold    . . .     Gourm    .   (no shield)
rNeg     . . .     Faith    .   j - +1 ring mail of Parlour Games {-Tele Str+8 Slay+2}
rPois    .         Spirit   +   (helmet restricted)
rElec    .         Reflect  .   r - +1 cloak
rCorr    .         Harm     .   (no gloves)
MR       +....     Clarity  +   v - +1 pair of boots {Stlth+} Stlth +++++++...NoTele +
                                A - amulet of magic regeneration
HPRegen  0.99/turn              i - ring of magical power
MPRegen  0.53/turn              y - ring of magical power

@: exhausted, hasted, very quick
A: fangs 3, horns 1, clarity, frail 1, regeneration 2, weak 1, magic shield,
antimagic bite, no potion heal 3, rot immunity
a: Wall Jump, Serpent's Lash, Renounce Religion


You were on level 2 of the Orcish Mines.
You worshipped Wu Jian.
Wu Jian was most pleased with you.
You were hungry.

You visited 3 branches of the dungeon, and saw 12 of its levels.

You collected 1029 gold pieces.
You spent 210 gold pieces at shops.

Inventory:

Hand Weapons
 h - a +4 dagger of speed (weapon)
Missiles
 d - 59 poisoned darts
 e - 2 curare-tipped darts (quivered)
 D - a throwing net
Armour
 j - the +1 ring mail of Parlour Games (worn) {-Tele Str+8 Slay+2}
   (You found it on level 4 of the Dungeon)

   It affects your strength (+8).
   It affects your accuracy and damage with ranged weapons and melee attacks
   (+2).
   It prevents most forms of teleportation.
 o - the +4 plate armour of Ranieps {*Contam rF+++ rCorr Stlth+}
   (You found it on level 5 of the Dungeon)

   It renders you almost immune to fire.
   It causes magical contamination when unequipped.
   It provides partial protection from all sources of acid and corrosion.
   It makes you more stealthy.
 r - a +1 cloak (worn)
 v - a +1 pair of boots of stealth (worn)
Jewellery
 i - a ring of magical power (left hand)
 p - an uncursed ring of flight
 w - an uncursed ring of protection from cold
 x - an uncursed amulet of faith
 y - a ring of magical power (right hand)
 A - an amulet of magic regeneration (around neck)
 B - an uncursed ring of see invisible
Wands
 b - a wand of disintegration (27)
 n - a wand of paralysis (4)
 t - a wand of digging (7)
 z - a wand of flame (17)
Scrolls
 c - 2 scrolls of teleportation
 k - 4 scrolls of remove curse
 q - 4 scrolls of immolation
 C - a scroll of blinking
Potions
 m - a potion of haste
Comestibles
 f - 16 rations


   Skills:
 + Level 8.0 Fighting
 - Level 5.4 Short Blades
 - Level 1.7 Throwing
 + Level 1.3 Armour
 + Level 7.0 Dodging
 * Level 15.2 Stealth
 + Level 8.3 Spellcasting


You had 27 spell levels left.
You didn't know any spells.
Your spell library was empty.

Dungeon Overview and Level Annotations

Branches:
Dungeon (9/15)             Temple (1/1) D:6             Orc (2/2) D:9
    Elf (0/3) Orc:2
   Lair: D:8-11

Altars:
Cheibriados
Dithmenos
Elyvilon
Fedhas
Gozag
Hepliaklqana
Kikubaaqudgha
Nemelex Xobeh
Okawaru
Ru
Sif Muna
Vehumet
Wu Jian
Xom
Yredelemnul
Zin
The Shining One
Beogh

Shops:
D:5 :   D:6 :*   D:7 [   Orc:2 *

Annotations:
D:7 1 runed translucent door


Innate Abilities, Weirdness & Mutations

You have razor-sharp teeth.
You heal very quickly.
When hurt, damage is shared between your health and your magic reserves.
Your bite disrupts and absorbs the magic of your enemies.
Potions cannot restore your health.
You are immune to rotting.
You have a pair of small horns on your head.
You possess an exceptional clarity of mind.
You are frail. (-10% HP)
You are weak. (Str -2)


Message History

Your headbutt misses the orc knight.
You bite the orc knight, but do no damage.
The orc knight is heavily wounded.
Your supernatural speed expires.
Things that are here:
a +0 giant club; a cursed -3 giant club; a two-headed ogre corpse
Okay, then.
Evoke which item? (* to show all) (? for menu, Esc to quit)
Aiming: Dig
Press: ? - help, Shift-Dir - straight line A rock wall.
The rock shatters into small pieces.
Okay, then.
Evoke which item? (* to show all) (? for menu, Esc to quit)
Aiming: Paralyse
Press: ? - help, Shift-Dir - straight line, f - orc knight
Aim: an orc knight, wielding a +0 arbalest, wearing a +0 plate armour and quivering 4 bolts (heavily wounded, very poisoned, chance to defeat MR: 28%)
Okay, then.
The orc knight shoots a bolt.
The bolt hits you!!
You die...

.#.#.....##### *###...
.#<#.......# #....) .#_#....####
### ###.o... .###.....# ##
##.###....... .........###.#
#.......(.... ..........###.##
##>..(....).. ..[[)...<...##.##
##.......)... ..............<.##
#............ .[.............#@##
##.[.#...))).
................#.####)..#.......
.....#.........###.##)#o#........
...###.........####.#.'∩+........
#.## #..........##..oo#'#......#.
.######......^...#........#...###
....##........#.#.....#.§#...## *
..........#...#.#..########.## *
..........##.#.....# #...#


You could see an orc knight and an orc.

Vanquished Creatures
  Snorg (Orc:1)
  Harold (Orc:1)
  An ogre mage (Orc:1)
  The ghost of IC0N0FSIN the Cleaver, a novice DDFi of Elyvilon (D:8)
  Erica (D:8)
  6 two-headed ogres
  An unseen horror (D:8)
  An orc knight (Orc:1)
  A cyclops (Orc:1)
  A troll (Orc:1)
  Prince Ribbit (D:8)
  3 hippogriffs
  A wraith (Orc:2)
  A hungry ghost (D:7)
  Menkaure (D:4)
  A warg (Orc:1)
  Edmund (D:5)
  2 soldier ants (D:7)
  A water moccasin (D:8)
  An ice beast (D:8)
  15 orc warriors
  A phantom (D:7)
  3 sky beasts
  8 ogres
  A centaur (D:7)
  3 big kobolds (D:7)
  3 bullfrogs
  2 wyvern zombies
  A water moccasin zombie (D:6)
  6 scorpions
  A killer bee (D:7)
  6 wights
  2 crimson imps
  18 orc priests
  4 jellies
  2 hounds
  13 orc wizards
  2 centaur skeletons
  2 bullfrog skeletons
  3 iguanas
  8 worker ants
  A killer bee zombie (D:9)
  A hound zombie (D:6)
  A worker ant zombie (D:9)
  A howler monkey skeleton (D:8)
  4 gnolls (D:7)
  12 adders
  A white imp (D:9)
  An ooze (D:6)
  4 worms
  6 dart slugs
  A leopard gecko (D:3)
  57 orcs
  2 ball pythons
  4 bats (D:1)
  13 giant cockroaches
  8 goblins
  7 hobgoblins
  8 jackals
  5 quokkas
  5 frilled lizards
  32 kobolds
  A leopard gecko skeleton (D:4)
  A quokka skeleton (D:7)
  10 rats
  A butterfly (D:7)
319 creatures vanquished.

Notes
Turn   | Place    | Note
-------+----------+-------------------------------------------
     0 | D:1      | Birdy the Vine Stalker Assassin began the quest for the
                  | Orb.
     0 | D:1      | Reached XP level 1. HP: 11/11 MP: 2/2
   218 | D:1      | Reached skill level 1 in Dodging
   218 | D:1      | Reached XP level 2. HP: 6/15 MP: 3/3
   913 | D:1      | Reached XP level 3. HP: 18/18 MP: 4/4
  1773 | D:2      | Gained mutation: Your natural rate of healing is unusually
                  | fast. [Vine Stalker growth]
  1773 | D:2      | Reached XP level 4. HP: 22/23 MP: 5/5
  1876 | D:2      | Found a white marble altar of Elyvilon.
  2398 | D:3      | Gained mutation: You are weak. (Str -2) [potion of
                  | mutation]
  2398 | D:3      | Gained mutation: Your flesh is cold resistant. (rC+)
                  | [potion of mutation]
  2398 | D:3      | Gained mutation: You are dopey. (Int -2) [potion of
                  | mutation]
  2398 | D:3      | Gained mutation: You possess an exceptional clarity of
                  | mind. [potion of mutation]
  2786 | D:3      | Reached XP level 5. HP: 10/26 MP: 6/6
  2907 | D:3      | Noticed an ogre
  2919 | D:3      | Killed an ogre
  2919 | D:3      | Reached skill level 5 in Short Blades
  2919 | D:3      | Reached XP level 6. HP: 7/30 MP: 2/7
  3046 | D:3      | Reached skill level 5 in Stealth
  3406 | D:4      | Got a bronze ring mail
  3486 | D:4      | Identified the cursed +1 ring mail of Parlour Games {-Tele
                  | Str+8 Slay+2} (You found it on level 4 of the Dungeon)
  3537 | D:4      | Noticed Menkaure
  3544 | D:4      | Killed Menkaure
  3544 | D:4      | Reached skill level 1 in Spellcasting
  3544 | D:4      | Reached XP level 7. HP: 35/35 MP: 10/10
  3686 | D:4      | Reached skill level 6 in Stealth
  3692 | D:4      | Lost mutation: Your flesh is cold resistant. (rC+) [potion
                  | of mutation]
  3692 | D:4      | Lost mutation: You are dopey. (Int -2) [potion of mutation]
  3692 | D:4      | Gained mutation: Your spells are a little easier to cast,
                  | but a little less powerful. [potion of mutation]
  3692 | D:4      | Gained mutation: You have a pair of small horns on your
                  | head. [potion of mutation]
  3692 | D:4      | Lost mutation: Your spells are a little easier to cast, but
                  | a little less powerful. [potion of mutation]
  4182 | D:5      | Entered Level 5 of the Dungeon
  4225 | D:5      | Reached skill level 7 in Stealth
  4343 | D:5      | Got an ancient plate armour
  4348 | D:5      | Noticed Edmund
  4358 | D:5      | Killed Edmund
  4358 | D:5      | Gained mutation: You have razor-sharp teeth. [Vine Stalker
                  | growth]
  4358 | D:5      | Reached XP level 8. HP: 33/40 MP: 13/13
  4420 | D:5      | Found Dagofr Wuta's Book Boutique.
  4467 | D:5      | You fall into a shaft and drop 3 floors!
  4518 | D:8      | Found a basalt altar of Yredelemnul.
  4540 | D:8      | Found a transporter.
  4540 | D:8      | Noticed IC0N0FSIN's ghost (novice DDFi)
  4558 | D:8      | Found a transporter.
  4560 | D:8      | Noticed Erica
  4579 | D:8      | Killed Erica
  4579 | D:8      | Reached skill level 9 in Stealth
  4579 | D:8      | Reached XP level 9. HP: 9/45 MP: 16/16
  4752 | D:7      | Found a shadowy altar of Dithmenos.
  4806 | D:7      | Found Wicott's Antique Armour Shoppe.
  4818 | D:7      | Bought a pair of embroidered boots for 210 gold pieces
  4924 | D:7      | Found a runed translucent door.
  4928 | D:7      | Found a runed translucent door.
  4942 | D:7      | Reached skill level 10 in Stealth
  5130 | D:7      | Reached skill level 5 in Fighting
  5342 | D:7      | Reached skill level 5 in Spellcasting
  5464 | D:7      | Reached skill level 11 in Stealth
  5579 | D:7      | Found a glowing silver altar of Zin.
  5685 | D:6      | Found a white marble altar of Elyvilon.
  5727 | D:6      | Reached XP level 10. HP: 51/51 MP: 19/19
  5795 | D:6      | Found Muun Jaqo's Assorted Antiques.
  5884 | D:6      | Found Viytt's Book Shop.
  5920 | D:6      | Found a radiant altar of Vehumet.
  6390 | D:6      | Found a staircase to the Ecumenical Temple.
  6399 | Temple   | Entered the Ecumenical Temple
  6455 | Temple   | Became a worshipper of the Wu Jian Council
  6617 | D:8      | Found a blossoming altar of Fedhas.
  6669 | D:8      | Noticed Prince Ribbit
  6675 | D:8      | Killed Prince Ribbit
  6675 | D:8      | Reached skill level 5 in Dodging
  6698 | D:8      | Reached skill level 12 in Stealth
  6763 | D:8      | Found a sacrificial altar of Ru.
  7105 | D:8      | Found a shadowy altar of Dithmenos.
  7249 | D:8      | Killed IC0N0FSIN's ghost
  7256 | D:8      | Killed an unseen horror
  7256 | D:8      | Reached skill level 13 in Stealth
  7258 | D:8      | Reached * piety under Wu Jian
  7262 | D:8      | Reached XP level 11. HP: 24/58 MP: 22/22
  7287 | D:8      | Identified the +4 plate armour of Ranieps {*Contam rF+++
                  | rCorr Stlth+} (You found it on level 5 of the Dungeon)
  7462 | D:8      | Gained mutation: You are frail. (-10% HP) [mutagenic glow]
  7977 | D:9      | Found a staircase to the Orcish Mines.
  8008 | Orc:1    | Entered Level 1 of the Orcish Mines
  8008 | Orc:1    | Noticed Harold
  8008 | Orc:1    | Noticed an ogre mage
  8008 | Orc:1    | Noticed a two-headed ogre
  8008 | Orc:1    | Noticed a two-headed ogre
  8008 | Orc:1    | Noticed a two-headed ogre
  8008 | Orc:1    | Noticed a two-headed ogre
  8008 | Orc:1    | Noticed a two-headed ogre
  8013 | Orc:1    | Killed a two-headed ogre
  8014 | Orc:1    | Killed an ogre mage
  8016 | Orc:1    | Killed a two-headed ogre
  8016 | Orc:1    | Reached ** piety under Wu Jian
  8022 | Orc:1    | Killed Harold
  8022 | Orc:1    | Reached skill level 14 in Stealth
  8023 | Orc:1    | Killed a two-headed ogre
  8024 | Orc:1    | Killed a two-headed ogre
  8028 | Orc:1    | Killed a two-headed ogre
  8139 | Orc:1    | Noticed an orc knight
  8144 | Orc:1    | Found a roughly hewn altar of Beogh.
  8154 | Orc:1    | Killed an orc knight
  8231 | Orc:1    | Noticed a cyclops
  8237 | Orc:1    | Killed a cyclops
  8261 | Orc:1    | Gained mutation: You heal very quickly. [Vine Stalker
                  | growth]
  8261 | Orc:1    | Reached XP level 12. HP: 41/57 MP: 25/25
  8520 | Orc:2    | Entered Level 2 of the Orcish Mines
  8598 | Orc:2    | Found Mutir's General Store.
  8601 | Orc:2    | Found a staircase to the Elven Halls.
  8604 | Orc:2    | Noticed a two-headed ogre
  8646 | Orc:1    | Noticed Snorg
  8651 | Orc:1    | Reached *** piety under Wu Jian
  8657 | Orc:1    | Killed Snorg
  8657 | Orc:1    | Reached skill level 15 in Stealth
  8858 | Orc:2    | Found a roughly hewn altar of Beogh.
  9030 | Orc:2    | Reached skill level 1 in Armour
  9055 | Orc:2    | Killed a two-headed ogre
  9077 | Orc:2    | Shot with a bolt by an orc knight

Levels and vault maps discovered:
D:1:      minmay_arrival_loop, layout_basic, st_stairs_8
D:2:      minmay_chambers_of_ones, layout_loops_corners,
          overflow_temple_1_default
D:3:      layout_basic, serial_bayou, serial_bayou_pond_d,
          serial_bayou_lagoon_a, serial_bayou_shore_b, serial_bayou_pond_b,
          first_ration
D:4:      layout_basic, uniq_menkaure
D:5:      layout_gridville, makhleb_altar_promises_db, serial_shops, shop,
          uniq_edmund
D:6:      layout_gridville, kennysheep_mini, minmay_temple_entry_poolview,
          basic_altar, serial_shops, shop, shop
D:7:      lemuel_insect_pit, layout_loops_ring, old_standard_altar,
          zin_statuary, serial_shops, shop, mrwooster_statue_mirror
D:8:      layout_loops_ring, old_standard_altar, lemuel_doored_altar,
          nicolae_ru_the_path_less_chosen, basic_altar, gammafunk_ghost_arena,
          uniq_erica, uniq_prince_ribbit1
D:9:      layout_basic, erik_orc_3, minmay_fire_ice_demons
Temple:   jpeg_temple_clearing
Orc:1:    nicolae_orc_accident_2, layout_caves, uniq_snorg, uniq_harold
Orc:2:    grunt_orc_tribal_feast, layout_diamond_mine, serial_shops,
          nicolae_shop_behind_doors, lemuel_statue_altar, uniq_josephine

Skill      XL: |  1  2  3  4  5  6  7  8  9 10 11 12 |
---------------+-------------------------------------+-----
Dodging        | 1 2 3 4 5 6 7 |  7.0
Short Blades   | 2 3 4 5 |  5.4
Stealth        | 5 7 9 11 13 14 15 | 15.2
Fighting       | 2 3 4 5 6 7 8 |  8.0
Spellcasting   | 1 2 4 5 6 8 |  8.3
Armour         | 1 |  1.3
Throwing       | |  1.7

Action                   |  1- 3 |  4- 6 |  7- 9 | 10-12 || total
-------------------------+-------+-------+-------+-------++-------
Melee: Dagger            |   126 |   101 |   239 |   430 ||   896
       Bite              |    31 |    16 |    90 |   159 ||   296
       Headbutt          |       |       |    47 |   109 ||   156
Throw: Dart              |       |       |     1 |     1 ||     2
Invok: Lunge             |       |       |       |    41 ||    41
       Whirlwind         |       |       |       |    99 ||    99
       Serpent's Lash    |       |       |       |     1 ||     1
 Abil: Wall Jump         |       |       |       |     1 ||     1
Evoke: Wand              |       |     2 |       |    12 ||    14
  Use: Scroll            |       |     6 |     2 |     9 ||    17
       Potion            |       |     5 |     5 |     5 ||    15
 Stab: Sleeping          |     7 |    10 |    16 |    18 ||    51
       Paralysed         |       |     1 |       |     2 ||     3
       Distracted        |       |       |       |     2 ||     2
       Confused          |       |       |       |    11 ||    11
  Eat: Chunk             |     2 |     6 |     8 |     7 ||    23
       Ration            |       |       |       |     1 ||     1
Armor: Robe              |    22 |     7 |       |       ||    29
       Ring mail         |       |       |    49 |    48 ||    97
Dodge: Dodged            |    61 |    35 |   100 |   117 ||   313

Table legend:
 A = Non-vault XP
 B = Vault XP
 C = Vault XP percentage of total XP
 D = Non-vault monster count
 E = Vault monster count
 F = Vault count percentage of total count
                 A         B        C        D         E       F
            +---------+---------+-------+---------+---------+-------
      Total |   13471 |    8397 |  38.4 |     251 |      67 |  21.1
            +---------+---------+-------+---------+---------+-------
        D:1 |      39 |       1 |   2.5 |      23 |       1 |   4.2
        D:2 |      79 |      21 |  21.0 |      28 |       5 |  15.2
        D:3 |     226 |       9 |   3.8 |      13 |       4 |  23.5
        D:4 |     490 |     183 |  27.2 |      20 |       1 |   4.8
        D:5 |     190 |     157 |  45.2 |      12 |       1 |   7.7
        D:6 |     927 |       0 |   0.0 |      23 |       0 |   0.0
        D:7 |    1359 |     639 |  32.0 |      44 |      13 |  22.8
        D:8 |    1848 |    3158 |  63.1 |      32 |       9 |  22.0
        D:9 |     601 |     470 |  43.9 |       8 |      18 |  69.2
      Orc:1 |    6413 |    3117 |  32.7 |      37 |       7 |  15.9
      Orc:2 |    1299 |     642 |  33.1 |      11 |       8 |  42.1
            +---------+---------+-------+---------+---------+-------
